 Dungeon Crawl Stone Soup version 0.30-a0-390-g80c34de65d (webtiles) character file.

Game seed: 14740286982213699446

2 arthad the Insei (level 1, 0/13 HPs)
             Began as an Octopode Transmuter on Dec 4, 2022.
             Slain by a hobgoblin (4 damage)
             ... on level 1 of the Dungeon.
             The game lasted 00:00:46 (48 turns).

arthad the Insei (Octopode Transmuter)                Turns: 48, Time: 00:00:47

Health: 0/13       AC:  1    Str:  9    XL:     1   Next: 30%
Magic:  3/3        EV: 13    Int: 15    God:
Gold:   13         SH:  0    Dex: 12    Spells: 3/4 levels left

rFire   . . .      SeeInvis .      - Unarmed
rCold   . . .      Faith    .    (no shield)
rNeg    . . .      Spirit   .    (helmet restricted)
rPois   .          Reflect  .    (no amulet)
rElec   .          Harm     .    (no ring)
rCorr   .          Rampage  .    (no ring)
Will    .....                    (no ring)
Stlth   ++........               (no ring)
HPRegen 0.22/turn                (no ring)
MPRegen 0.08/turn                (no ring)
                                 (no ring)
                                 (no ring)

@: no status effects
A: almost no armour, amphibious, 8 rings, camouflage 1, gelatinous body 1,
(nimble swimmer 1), tentacles
a: no special abilities


You were on level 1 of the Dungeon.
You visited 1 branch of the dungeon, and saw 1 of its levels.

You collected 13 gold pieces.

Inventory:

Scrolls
 b - a scroll of identify {unknown}
Potions
 a - a potion of lignification


   Skills:
 + Level 1.0 Fighting
 + Level 2.0 Dodging
 + Level 3.0 Unarmed Combat
 + Level 2.0 Spellcasting
 + Level 2.0 Transmutations


You had 3 spell levels left.
You knew the following spells:

 Your Spells              Type           Power      Damage    Failure   Level
a - Beastly Appendage     Tmut           14%        N/A       10%         1

Your spell library contained the following spells:

 Spells                   Type           Power      Damage    Failure   Level
 Wereblood                Tmut           7%         N/A       14%         2
 Spider Form              Tmut/Pois      4%         N/A       41%         3
 Ice Form                 Ice/Tmut       4%         N/A       82%         4


Dungeon Overview and Level Annotations

Branches:
Dungeon (1/15)

Altars:


Innate Abilities, Weirdness & Mutations

You cannot wear most types of armour.
You are amphibious.
You can wear up to eight rings at the same time.
Your skin changes colour to match your surroundings (Stealth+).
Your rubbery body absorbs attacks. (AC +1, EV +1)
((You are camouflaged when in or above water. (Stealth+)))
You have tentacles for arms and can constrict up to eight enemies at once.


Message History

The bat closely misses you. The ball python closely misses you.
The ball python constricts you.
You are too injured to fight recklessly!
You are too injured to fight recklessly!
You escape the ball python's grasp.
The ball python attacks as you move away!
The ball python bites you. The ball python barely misses you.
Your tentacle spike disappears.
The bat hits you but does no damage. The bat misses you.
You see here a +0 chain mail.
The bat attacks as you move away! The bat hits you. The bat barely misses you.
The bat hits you.
* * * LOW HITPOINT WARNING * * *
Okay, then.
You closely miss the bat. Your grab misses the bat. The bat barely misses you.
The bat misses you.
You completely miss the bat. Your grab misses the bat.
Your tentacle-slap misses the bat.
The bat misses you.
You closely miss the bat. Your grab misses the bat.
Your tentacle-slap misses the bat.
The bat barely misses you. The bat hits you.
* * * LOW HITPOINT WARNING * * *
The bat closely misses you.
You closely miss the bat. Your grab misses the bat.
The bat hits you but does no damage.
You barely miss the bat. You grab the bat. You constrict the bat.
The bat barely misses you. The bat closely misses you.
You tentacle-slap the bat but do no damage.
You squeeze the bat.
You kill the bat!
You tentacle-slap the ball python but do no damage.
You grab the ball python. You constrict the ball python.
The ball python barely misses you. The ball python grabs you.
The ball python constricts you.
You tentacle-slap the ball python.
You kill the ball python!
You tentacle-slap the hobgoblin but do no damage.
Your grab misses the hobgoblin. You squeeze the hobgoblin.
The hobgoblin is almost dead.
The hobgoblin hits you.
You die...

#~##≈#...##..####
#~~≈≈#...........
+######...#.####..
............#
##........##
##...#.....##
...#####...##
.........#..#
##.......##@# .
#.....##..#g#######..
#..... ##.#.#........
..... #............
..##. ###.......... .
# ##.........
#......... ##..##....
#..# ###


You could see a hobgoblin.

Vanquished Creatures
  A bat (D:1)
  A ball python (D:1)
2 creatures vanquished.

Notes
Turn   | Place    | Note
-------+----------+-------------------------------------------
     0 | D:1      | arthad the Octopode Transmuter began the quest for the Orb.
     0 | D:1      | Reached XP level 1. HP: 13/13 MP: 3/3
    48 | D:1      | Slain by a hobgoblin

Illustrated notes

Levels and vault maps discovered:
D:1:      ncdulo_wetmaze, layout_rooms, serial_park_tiny_2, interstate_on_off,
          eino_curves_03, minivault_19

Action                   || total
-------------------------++-------
Melee: Unarmed           ||    11
       Tentacles         ||     3
       Constrict         ||     2
 Cast: Beastly Appendage ||     1
Armor: Skin              ||     3
Dodge: Dodged            ||    15

Table legend: (Time is in decaauts)
 A = Elapsed time spent in this place.
 B = Non-inter-level travel time spent in this place.
 C = Inter-level travel time spent in this place.
 D = Time resting spent in this place.
 E = Time spent auto-exploring this place.
 F = Levels seen in this place.
 G = Mean time per level.
                   A        B        C        D        E       F      G
               +--------+--------+--------+--------+--------+-----+--------+
         Total |     47 |     47 |      0 |      0 |     21 |   1 |   47.0 |
       Dungeon |     47 |     47 |      0 |      0 |     21 |   1 |   47.0 |
               +--------+--------+--------+--------+--------+-----+--------+

Top non-repeatable levels by time:
     D:1: 47 daAuts
